 Dungeon Crawl Stone Soup version 0.26-a0-707-g31817bcca1 (console) character file.

Game seed: 11132652882678515278

21112 om the Cleaver (level 12, -7/97 HPs)
             Began as a Minotaur Fighter on Oct 22, 2020.
             Was a High Priest of Okawaru.
             Mangled by a sixfirhy (11 damage)
             ... summoned by an orc high priest
             ... while paralysed by an orc sorcerer
             ... on level 2 of the Orcish Mines on Oct 26, 2020.
             The game lasted 00:32:03 (18537 turns).

om the Cleaver (Minotaur Fighter)                  Turns: 18537, Time: 00:32:04

Health: -7/97      AC: 19    Str: 26    XL:     12   Next: 51%
Magic:  0/18       EV:  2    Int:  8    God:    Okawaru [*****.]
Gold:   1327       SH:  0    Dex: 10    Spells: 11/11 levels left

rFire    . . .     SeeInvis .   H - +2 war axe (venom)
rCold    + . .     Faith    .   I - +2 buckler {rC+}
rNeg     . . .     Spirit   +   m - +0 chain mail
rPois    +         Reflect  .   M - +2 hat "Sypiosack" {Rampage}
rElec    .         Harm     .   B - scarf {repulsion}
rCorr    +         Rampage  +   s - +2 pair of gloves "Ler Dent" {Rampage +Blink rPois Int-3}
MR       .....                  n - +0 pair of boots
Stlth    ..........             y - amulet of guardian spirit
HPRegen  0.26/turn              u - ring of resist corrosion
MPRegen  0.16/turn              L - +6 ring of intelligence

@: paralysed, repel missiles
A: retaliatory headbutt, horns 2
a: Heroism, Finesse, Renounce Religion, Evoke Blink


You were on level 2 of the Orcish Mines.
You worshipped Okawaru.
Okawaru was extremely pleased with you.
You visited 3 branches of the dungeon, and saw 15 of its levels.

You collected 1867 gold pieces.
You spent 540 gold pieces at shops.

Inventory:

Hand Weapons
 H - a +2 war axe of venom (weapon)
Missiles
 E - 8 silver boomerangs (quivered)
Armour
 m - a +0 chain mail (worn)
 n - a +0 pair of boots (worn)
 s - the +2 pair of gloves "Ler Dent" (worn) {Rampage +Blink rPois Int-3}
   (You acquired it on level 10 of the Dungeon)

   It affects your intelligence (-3).
   It protects you from poison.
   It lets you blink.
   It bestows one free step when moving towards enemies.
 B - a scarf of repulsion (worn)
 I - a +2 buckler of cold resistance (worn)
 M - the +2 hat "Sypiosack" (worn) {Rampage}
   (You acquired it on level 12 of the Dungeon)

   It bestows one free step when moving towards enemies.
Jewellery
 u - a ring of resist corrosion (left hand)
 v - an uncursed ring of positive energy
 x - an uncursed ring of magical power
 y - an amulet of guardian spirit (around neck)
 L - a +6 ring of intelligence (right hand)
 N - a cursed -4 ring of intelligence
Wands
 h - a wand of paralysis (19)
 t - a wand of iceblast (22)
 A - a wand of disintegration (27)
 D - a wand of enslavement (22)
Scrolls
 a - a scroll of magic mapping
 f - 2 scrolls of blinking
 j - 11 scrolls of teleportation
 k - a scroll of enchant armour
 o - a scroll of immolation
 r - a scroll of enchant weapon {unknown}
 w - a scroll of fog {unknown}
 z - 7 scrolls of remove curse
 F - 2 scrolls of amnesia {unknown}
 G - 3 scrolls of vulnerability {unknown}
Potions
 b - 2 potions of berserk rage
 c - a potion of lignification {unknown}
 d - 3 potions of flight
 e - 7 potions of haste
 g - a potion of cancellation
 i - a potion of heal wounds
 l - a potion of brilliance
 p - 7 potions of curing
 q - 2 potions of stabbing
 C - a potion of might
 J - a potion of invisibility {unknown}
 K - a potion of magic {unknown}
Miscellaneous
 P - a box of beasts (3/3)


   Skills:
 + Level 6.6 Fighting
 + Level 14.6 Axes
 + Level 11.2 Armour
 * Level 8.8 Dodging
 - Level 4.0 Shields
 * Level 10.4 Invocations
 * Level 2.3 Evocations


You had 11 spell levels left.
You didn't know any spells.
Your spell library contained the following spells:

 Spells                   Type           Power        Failure   Level
 Corona                   Hex            #......      89%         1
 Slow                     Hex            #.......     96%         2
 Confusing Touch          Hex            #.......     99%         3
 Gell's Gravitas          Tloc           #.........   99%         3
 Inner Flame              Hex/Fire       #.......     99%         3
 Portal Projectile        Hex/Tloc       #.....       99%         3
 Cause Fear               Hex            #.........   100%        4
 Leda's Liquefaction      Hex/Erth       #.........   100%        4
 Petrify                  Tmut/Erth      #.......     100%        4
 Metabolic Englaciation   Hex/Ice        #.........   100%        5
 Yara's Violent Unravell  Hex/Tmut       #.........   100%        5


Dungeon Overview and Level Annotations

Branches:
Dungeon (12/15)            Temple (0/1) D:7            Lair (1/6) D:8
    Orc (2/2) D:10            Elf (0/3) Orc:2

Altars:
Fedhas
Gozag
Hepliaklqana
Makhleb
Okawaru
Qazlal
Xom
Yredelemnul
The Shining One

Shops:
D:4 *   D:9 *   D:10 (

Portals:
Bazaar: Orc:2

Annotations:
D:6 1 runed translucent door


Innate Abilities, Weirdness & Mutations

You reflexively headbutt those who attack you in melee.
You have a pair of horns on your head.


Message History

* * * LOW HITPOINT WARNING * * *
The orc sorcerer points at you and mumbles some strange words.
You shrug off the repeated paralysis!
The orc high priest hits you from afar with a +0 glaive.
* * * LOW HITPOINT WARNING * * *
The shadow imp hits you but does no damage.
The ice devil hits you but does no damage.
The orc warrior hits you from afar with a +3 trident.
* * * LOW HITPOINT WARNING * * *
The orc sorcerer hits you but does no damage.
The shadow imp hits you but does no damage.
The orc high priest prays to Beogh.
The ice devil hits you.
* * * LOW HITPOINT WARNING * * *
The ice devil freezes you! You resist.
* * * LOW HITPOINT WARNING * * *
The sixfirhy hits you.
* * * LOW HITPOINT WARNING * * *
The sixfirhy shocks you!
You die...

##........# ###......### #
##........## #.........#
##.##......### ##.#..#####
#............# ######
#####...........#####
#.#.......###.......#####
..........#..........##.##
#.#......####..o3........#
###......####.o4oo..###.##
#.........###4o35....###
##.......####.3@4..###
###.....##.).[[[..#
###....#......### ##..........##
## #...........### ##[
####........##.## ###.)
####..#........#...# ##....
##.#.............#.###### ##.....
#...#..............#.##.###...o.#
##.###............#......#....###
#..##.......#......#.##.##...##


You could see 2 orc high priests, 2 ice devils, a rust devil (summoned), a
sixfirhy (summoned), 2 neqoxecs, an orc sorcerer, an orc warrior, a shadow imp
(summoned) and an orc.

Vanquished Creatures
  Josephine (D:10)
  Erolcha (D:9)
  5 two-headed ogres
  A tengu warrior (D:12)
  An orc knight (Orc:1)
  A cyclops (D:11)
  An ugly thing (D:11)
  3 slime creatures (D:12)
  A manticore (D:11)
  Joseph (D:10)
  Psyche (D:9)
  A gargoyle (D:12)
  4 centaur skeletons
  A komodo dragon (D:7)
  A troll (D:10)
  A hornet (D:12)
  Grinder (D:6)
  Sigmund (D:2)
  A vampire (D:10)
  6 wraiths
  2 wyverns
  9 yaks
  A warg (Orc:2)
  3 water moccasins
  Duvessa (D:7)
  An acid dragon (D:12)
  An ice beast (D:12)
  6 black bears
  14 orc warriors
  A necrophage (D:12)
  3 sky beasts
  An eye of draining (D:12)
  3 phantoms
  5 centaurs
  13 ogres
  4 bullfrogs
  A gnoll sergeant (D:9)
  Dowan (D:7)
  3 wyvern skeletons
  A water moccasin skeleton (D:6)
  5 scorpions
  4 wights
  10 howler monkeys
  A bullfrog zombie (D:11)
  A quasit (D:11)
  6 hounds
  Crazy Yiuf (D:3)
  11 orc priests
  A bullfrog skeleton (D:12)
  A gnoll shaman (D:6)
  5 jellies
  11 orc wizards
  2 iguanas
  6 worker ants
  2 hound skeletons
  A howler monkey zombie (D:7)
  17 gnolls
  9 adders
  3 shadow imps
  5 white imps
  4 ufetubi
  An ooze (D:1)
  An adder skeleton (D:5)
  An adder zombie (D:6)
  5 worms
  2 dart slugs
  6 leopard geckos
  60 orcs
  10 giant cockroaches
  8 hobgoblins
  5 jackals
  4 quokkas
  3 ball pythons
  7 bats
  5 frilled lizards
  4 goblins
  11 kobolds
  A leopard gecko skeleton (D:5)
  11 rats
  A bush (D:5)
360 creatures vanquished.

Vanquished Creatures (others)
  A sky beast (D:11)
  17 fungi
  16 plants
34 creatures vanquished.

Grand Total: 394 creatures vanquished

Notes
Turn   | Place    | Note
-------+----------+-------------------------------------------
     0 | D:1      | om the Minotaur Fighter began the quest for the Orb.
     0 | D:1      | Reached XP level 1. HP: 19/19 MP: 0/0
   198 | D:1      | Reached skill level 1 in Dodging
   198 | D:1      | Reached XP level 2. HP: 27/27 MP: 1/1
   302 | D:1      | Reached skill level 3 in Axes
   697 | D:2      | Reached XP level 3. HP: 33/33 MP: 2/2
   989 | D:2      | Reached XP level 4. HP: 5/40 MP: 3/3
  1421 | D:2      | Noticed Sigmund
  1453 | D:2      | HP: 2/40 [Sigmund/magic dart (4)]
  1454 | D:2      | Killed Sigmund
  1454 | D:2      | Reached skill level 4 in Axes
  1454 | D:2      | Reached XP level 5. HP: 2/46 MP: 4/4
  1869 | D:2      | Found a blossoming altar of Fedhas.
  2035 | D:2      | Noticed a fire elemental
  2037 | D:2      | Found a stormy altar of Qazlal.
  2038 | D:2      | Noticed an air elemental
  2038 | D:2      | Noticed a water elemental
  2309 | D:3      | Reached skill level 5 in Axes
  2415 | D:3      | Reached XP level 6. HP: 52/52 MP: 5/5
  2610 | D:3      | Found an iron altar of Okawaru.
  2618 | D:3      | Became a worshipper of Warmaster Okawaru
  3214 | D:3      | Found a runed translucent door.
  3215 | D:3      | Noticed Crazy Yiuf
  3421 | D:4      | Reached skill level 5 in Armour
  3435 | D:4      | Found Acriwioh's Assorted Antiques.
  3717 | D:4      | Reached skill level 6 in Axes
  3717 | D:4      | Reached XP level 7. HP: 25/59 MP: 6/6
  3936 | D:4      | Found a burning altar of Makhleb.
  4357 | D:4      | Reached skill level 5 in Dodging
  4365 | D:4      | Found an opulent altar of Gozag.
  4368 | D:4      | Found a glowing golden altar of the Shining One.
  4371 | D:4      | Found a shimmering altar of Xom.
  4382 | D:4      | Found a hazy altar of Hepliaklqana.
  4439 | D:4      | Reached * piety under Okawaru
  4560 | D:4      | Bought a pair of spiked gloves for 190 gold pieces
  4565 | D:4      | Identified the +0 pair of gloves of Qazlal's Respect {Str+4
                  | Dex+2 Slay-4} (You bought it in a shop on level 4 of the
                  | Dungeon)
  4607 | D:5      | Entered Level 5 of the Dungeon
  4649 | D:5      | Reached skill level 7 in Axes
  5335 | D:5      | Reached XP level 8. HP: 63/66 MP: 7/7
  5758 | D:6      | Reached ** piety under Okawaru
  6063 | D:6      | Reached skill level 5 in Fighting
  6579 | D:6      | Noticed an angel
  6586 | D:6      | Found a glowing golden altar of the Shining One.
  6587 | D:6      | Found a runed translucent door.
  6842 | D:6      | Noticed Grinder
  6857 | D:6      | Killed Grinder
  6857 | D:6      | Reached skill level 8 in Axes
  6857 | D:6      | Reached XP level 9. HP: 68/75 MP: 8/8
  7097 | D:7      | Found a staircase to the Ecumenical Temple.
  7221 | D:7      | Reached skill level 10 in Armour
  7331 | D:7      | Noticed Duvessa
  7332 | D:7      | Noticed Dowan
  7344 | D:7      | Killed Duvessa
  7346 | D:7      | Killed Dowan
  7346 | D:7      | Reached skill level 9 in Axes
  7596 | D:7      | Found a basalt altar of Yredelemnul.
  7899 | D:8      | Noticed a komodo dragon
  7931 | D:7      | Reached *** piety under Okawaru
  8191 | D:7      | Killed a komodo dragon
  8191 | D:7      | Reached skill level 10 in Axes
  8191 | D:7      | Reached skill level 1 in Invocations
  8551 | D:8      | Found a staircase to the Lair.
  8629 | Lair:1   | Entered Level 1 of the Lair of Beasts
  8824 | D:4      | Bought a pair of glowing gloves for 150 gold pieces
  8824 | D:4      | Bought a runed war axe for 130 gold pieces
  8971 | D:8      | Noticed a two-headed ogre
  8981 | D:8      | Killed a two-headed ogre
  8981 | D:8      | Reached **** piety under Okawaru
  8981 | D:8      | Reached skill level 11 in Axes
  8981 | D:8      | Reached skill level 5 in Invocations
  8981 | D:8      | Reached XP level 10. HP: 63/83 MP: 8/13
  9374 | D:8      | Noticed a two-headed ogre
  9378 | D:8      | Killed a two-headed ogre
  9639 | D:9      | Found a stormy altar of Qazlal.
  9676 | D:9      | Noticed Psyche
  9678 | D:9      | Paralysed by Psyche for 5 turns
  9683 | D:9      | Killed Psyche
  9683 | D:9      | Reached ***** piety under Okawaru
  9787 | D:9      | Noticed a two-headed ogre
  9813 | D:9      | Killed a two-headed ogre
  9813 | D:9      | Received a gift from Okawaru
 10146 | D:9      | Noticed Erolcha
 10159 | D:9      | Found Laoseniq's General Store.
 10162 | D:9      | Reached skill level 12 in Axes
 10171 | D:9      | Killed Erolcha
 10277 | D:9      | Bought a potion of berserk rage for 70 gold pieces
 10599 | D:9      | Reached XP level 11. HP: 75/89 MP: 14/16
 10909 | D:10     | Entered Level 10 of the Dungeon
 10967 | D:10     | Found a staircase to the Orcish Mines.
 11951 | D:10     | Received a gift from Okawaru
 12125 | D:10     | Found Ryjuqes's Antique Weapon Shop.
 12220 | D:10     | Noticed Joseph
 12231 | D:10     | Killed Joseph
 12231 | D:10     | Reached skill level 10 in Invocations
 13137 | D:10     | Upgraded the game from 0.26-a0-683-g5206c1d7ac to
                  | 0.26-a0-690-gcb57259078
 13228 | D:11     | Reached skill level 13 in Axes
 13794 | D:11     | Noticed a two-headed ogre
 13815 | D:11     | Killed a two-headed ogre
 14003 | D:11     | Noticed a red ugly thing
 14016 | D:11     | Killed a red ugly thing
 14158 | D:11     | Upgraded the game from 0.26-a0-690-gcb57259078 to
                  | 0.26-a0-707-g31817bcca1
 14210 | D:11     | Reached skill level 14 in Axes
 14435 | D:12     | Paralysed by a hornet for 2 turns
 14816 | D:3      | Killed Crazy Yiuf
 15148 | D:12     | Noticed a tengu warrior
 15160 | D:12     | Killed a tengu warrior
 15269 | D:12     | Identified a scroll of acquirement
 15270 | D:12     | Acquired the +2 hat "Sypiosack" {Rampage}
 15585 | D:12     | Reached XP level 12. HP: 93/96 MP: 18/18
 16359 | Orc:1    | Entered Level 1 of the Orcish Mines
 16363 | Orc:1    | Noticed Josephine
 16430 | D:10     | Killed Josephine
 16439 | D:10     | Acquired the +2 pair of gloves "Ler Dent" {Rampage +Blink
                  | rPois Int-3}
 16562 | D:10     | Reached skill level 1 in Evocations
 17139 | Orc:1    | Received a gift from Okawaru
 17349 | Orc:2    | Entered Level 2 of the Orcish Mines
 17654 | Orc:2    | Noticed a two-headed ogre
 17669 | Orc:2    | Killed a two-headed ogre
 17669 | Orc:2    | Received a gift from Okawaru
 17746 | Orc:2    | Found a gateway to a bazaar.
 17748 | Orc:2    | Found a staircase to the Elven Halls.
 18220 | Orc:2    | Noticed an orc high priest
 18220 | Orc:2    | Noticed an orc high priest
 18533 | Orc:2    | Paralysed by an orc sorcerer for 7 turns
 18537 | Orc:2    | HP: 4/97 [sixfirhy[an orc high priest] (5)]
 18537 | Orc:2    | Mangled by a sixfirhy

Illustrated notes

Levels and vault maps discovered:
D:1:      dpeg_arrival_round_c, layout_loops_cross
D:2:      layout_basic, fedhas_altar_1, nicolae_qazlal_style_of_elements,
          uniq_sigmund
D:3:      layout_basic, nicolae_overflow_crystal_walls, patterned_corridor,
          uniq_crazy_yiuf_cottage
D:4:      layout_loops_ring, makhleb_blood_cavern_becter,
          grunt_temple_overflow_cloverleaf, serial_shops,
          nicolae_shop_overgrown_old_shop
D:5:      layout_rooms, st_stairs_13, hangedman_decor_riveting,
          minmay_hedge_maze
D:6:      layout_basic, hex_medium, lemuel_angel_altar, uniq_grinder
D:7:      layout_basic, lemuel_round_altar, minmay_temple_entry_metal_lava,
          kennysheep_generic_room_16, uniq_duvessa
D:8:      layout_loops_cross, grunt_lair_entry_orc_guard_hut
D:9:      layout_roguey, basic_altar, serial_shops, shop, uniq_erolcha,
          uniq_psyche
D:10:     lemuel_ice_spiral_2, layout_basic, orc_0_dummy, serial_shops,
          nicolae_shop_trees, uniq_joseph
D:11:     layout_loops_cross, corexii_corridor_pit, nrook_loot_triangle,
          minmay_fractal_squares_gapless_5
D:12:     layout_basic, statue_in_the_mist_lemuel
Lair:1:   layout_misc_corridors, minmay_lair_oklob_bushes,
          chequers_serial_rivers_small_3
Orc:1:    layout_caves, uniq_josephine
Orc:2:    grunt_orc_tribal_feast, layout_diamond_mine, serial_shops, statue_bzr

Skill      XL: |  1  2  3  4  5  6  7  8  9 10 11 12 |
---------------+-------------------------------------+-----
Dodging        | 1 2 3 4 5 7 8 |  8.8
Axes           | 3 4 5 6 7 8 11 12 14 | 14.6
Fighting       | 4 6 |  6.6
Armour         | 4 5 7 9 10 11 | 11.2
Shields        | 4 |  4.0
Invocations    | 5 9 10 | 10.4
Evocations     | 2 |  2.3

Action                   |  1- 3 |  4- 6 |  7- 9 | 10-12 || total
-------------------------+-------+-------+-------+-------++-------
Melee: War axe           |    71 |   144 |   408 |   601 ||  1224
       Headbutt          |    11 |    23 |    72 |   119 ||   225
Invok: Heroism           |       |       |     1 |     3 ||     4
Evoke: Wand              |       |       |       |     2 ||     2
  Use: Potion            |       |     1 |     2 |     1 ||     4
       Scroll            |       |       |     8 |     9 ||    17
Armor: Scale mail        |    30 |    39 |       |       ||    69
       Chain mail        |       |       |   189 |   238 ||   427
Dodge: Dodged            |    28 |    55 |   127 |   197 ||   407
       Repelled          |       |       |       |     5 ||     5
Block: Kite shield       |    36 |    57 |   189 |    80 ||   362
       Buckler           |       |       |       |   118 ||   118

Table legend: (Time is in decaauts)
 A = Elapsed time spent in this place.
 B = Non-inter-level travel time spent in this place.
 C = Inter-level travel time spent in this place.
 D = Time resting spent in this place.
 E = Time spent auto-exploring this place.
 F = Levels seen in this place.
 G = Mean time per level.
                   A        B        C        D        E       F      G
               +--------+--------+--------+--------+--------+-----+--------+
         Total |  18657 |  17151 |   1506 |   3093 |  10766 |  15 | 1243.8 |
       Dungeon |  16629 |  15171 |   1458 |   2622 |   9708 |  12 | 1385.8 |
          Lair |     76 |     44 |     32 |      0 |     35 |   1 |   76.0 |
  Orcish Mines |   1951 |   1935 |     16 |    470 |   1023 |   2 |  975.5 |
               +--------+--------+--------+--------+--------+-----+--------+

Top non-repeatable levels by time:
    D:10: 2333 daAuts
     D:2: 1692 daAuts
    D:11: 1685 daAuts
     D:6: 1595 daAuts
     D:7: 1465 daAuts
     D:8: 1404 daAuts
     D:4: 1386 daAuts
     D:3: 1231 daAuts
   Orc:1: 1215 daAuts
     D:9: 1153 daAuts
     D:5: 1047 daAuts
    D:12: 985 daAuts
   Orc:2: 736 daAuts
     D:1: 649 daAuts
  Lair:1: 76 daAuts
